 Dungeon Crawl Stone Soup version 0.29.0-13-gc9e81de378 (webtiles) character file.

Game seed: 6380197326316824351

1866 apoch the Cleaver (level 8, -4/69 HPs)
             Began as a Minotaur Fighter on Sept 9, 2022.
             Was a Priest of Hepliaklqana.
             Killed from afar by a steam dragon (12 damage)
             ... with a ball of steam
             ... on level 7 of the Dungeon.
             The game lasted 00:11:20 (7107 turns).

apoch the Cleaver (Minotaur Fighter)                Turns: 7107, Time: 00:11:21

Health: -4/69      AC: 10    Str: 23    XL:     8   Next: 90%
Magic:  10/10      EV:  8    Int:  5    God:    Hepliaklqana [***...]
Gold:   392        SH:  9    Dex: 14    Spells: 7/7 levels left

rFire   . . .      SeeInvis +   o - +5 flail of Fimbulwinter {pain, Dex+4}
rCold   . . .      Faith    .   j - +0 kite shield
rNeg    . . .      Spirit   .   e - +5 ring mail
rPois   .          Reflect  .   (helmet restricted)
rElec   .          Harm     .   (no cloak)
rCorr   .          Rampage  .   (no gloves)
Will    .....                   (no boots)
Stlth   +.........              (no amulet)
HPRegen 0.21/turn               f - ring of see invisible
MPRegen 0.12/turn               (no ring)

@: lethally poisoned (-4 -> -17), slowed, very slow
A: reduced essence, horns 2, retaliatory headbutt
a: Renounce Religion, Recall Ancestor, Ancestor Identity, Transference


You were on level 7 of the Dungeon.
You worshipped Hepliaklqana.
Hepliaklqana was most pleased with you.
You visited 1 branch of the dungeon, and saw 7 of its levels.
You also visited: Ossuary.

You collected 392 gold pieces.

Inventory:

Hand Weapons
 a - a +0 war axe
 o - the +5 flail of Fimbulwinter (weapon) {pain, Dex+4}
   (You found it on level 3 of the Dungeon)

   In the hands of one skilled in necromantic magic, it inflicts extra damage on
   living creatures.
   Dex:       It affects your dexterity (+4).
 C - a +0 war axe
Missiles
 l - 8 poisoned darts
 u - 2 silver boomerangs
 E - 4 stones (quivered)
Armour
 b - a +0 scale mail
 c - a +0 buckler
 e - a +5 ring mail (worn)
 j - a +0 kite shield (worn)
Jewellery
 f - a ring of see invisible (left hand)
 y - a ring of wizardry
Wands
 d - a wand of flame (22)
 s - a wand of charming (9)
Scrolls
 g - a scroll of enchant armour
 i - 5 scrolls of teleportation
 t - a scroll of amnesia
 w - 2 scrolls of butterflies
 z - a scroll of poison
 A - a scroll of noise
 B - a scroll of identify
Potions
 h - a potion of degeneration {unknown}
 k - 2 potions of haste {unknown}
 m - 4 potions of curing
 n - 2 potions of heal wounds {unknown}
 p - 4 potions of attraction
 q - a potion of resistance {unknown}
 r - 2 potions of invisibility {unknown}
 v - a potion of magic {unknown}
 x - a potion of cancellation {unknown}
 D - a potion of might


   Skills:
 + Level 8.8 Fighting
 - Level 10.0 Axes
 - Level 3.6 Armour
 - Level 3.6 Shields
 + Level 4.6 Invocations


You had 7 spell levels left.
You didn't know any spells.
Your spell library contained the following spells:

 Spells                   Type           Power      Damage    Failure   Level
 Fulminant Prism          Conj/Hex       0%         3d6       100%        4
 Iskenderun's Mystic Bla  Conj/Tloc      0%         2d3       100%        4
 Lee's Rapid Deconstruct  Erth           0%         3d5*      100%        5


Dungeon Overview and Level Annotations

Branches:
Dungeon (7/15)            Ossuary (visited)
 Temple: D:4-7

Altars:
Elyvilon
Hepliaklqana
Zin
The Shining One

Shops:
D:5 *

Annotations:
D:7 Joseph


Innate Abilities, Weirdness & Mutations

Your life essence is reduced to manifest your ancestor. (-10% HP)
You have a pair of horns on your head.
You reflexively headbutt those who attack you in melee.


Message History

A kobold comes into view.
It is wielding a +0 dagger and quivering poisoned darts.
The kobold throws a stone.
You block the stone.
The killer bee closely misses Ælfric.
A kobold comes into view. It is wielding a +0 dagger.
Something stings Ælfric.
The kobold throws a poisoned dart.
The poisoned dart closely misses you.
A kobold comes into view. It is wielding a +0 whip.
Something completely misses Ælfric.
Joseph, a Mercenary comes into view.
He is wielding a +0 quarterstaff.
The kobold brigand throws a curare-tipped dart.
The curare-tipped dart closely misses you.
The steam dragon breathes steam at you.
The ball of steam hits the kobold!
The kobold dies!
The ball of steam misses you.
You hear a shout!
Joseph shouts!
Joseph unwields a +0 quarterstaff.
Joseph wields a +5 sling of flaming.
It bursts into flame!
Joseph shoots a sling bullet.
The sling bullet hits you! The sling bullet burns you.
The kobold brigand throws a curare-tipped dart.
You block the curare-tipped dart.
An orc comes into view. It is wielding a +0 dagger.
The kobold throws a stone.
The stone barely misses you.
The kobold brigand throws a curare-tipped dart.
The curare-tipped dart hits you.
You are poisoned.
You have difficulty breathing.
* * * LOW HITPOINT WARNING * * *
You feel yourself slow down.
* * * LOW HITPOINT WARNING * * *
You feel very sick.
The kobold shouts!
You block the killer bee's attack.
The kobold throws a stone.
The stone hits you but does no damage. The killer bee barely misses you.
You furiously retaliate!
You headbutt the killer bee!
The killer bee stings you but does no damage.
The steam dragon breathes steam at you. The ball of steam hits you!
You die...

.....# .#. .###.....#
....o. ... .... .K...K.
#.. ... .o.....
#.##.###K......
#.....#..K....##
#.....KK..§..#
###.......)...# .....
#...@§§§D...§.##.....
#....y......§........
#........R...........
#....................
#....................
.............>....#
...#........†.))..#.
...##......##..)......#
##....###..###.#...


You could see the friendly Ælfric the battlemage, a kobold brigand, a killer
bee, an orc and 4 kobolds.

Vanquished Creatures
  Sigmund (D:2)
  A steam dragon (D:6)
  A water moccasin (D:6)
  2 ogres (D:5)
  A scorpion (D:6)
  A bullfrog (D:6)
  2 wights (D:7)
  A vampire bat (D:5)
  A howler monkey (D:5)
  A jelly (D:5)
  Crazy Yiuf (D:3)
  Jessica (D:3)
  3 iguanas (D:5)
  An orc wizard (D:4)
  A mummy (Ossuary)
  3 gnolls (D:2)
  5 adders
  An ufetubus (D:5)
  2 worms
  3 dart slugs
  4 orcs
  2 spectral bats (Ossuary)
  5 ball pythons
  8 bats
  4 endoplasms
  2 giant cockroaches (D:1)
  8 goblins
  13 hobgoblins
  2 jackals (D:1)
  A quokka (D:4)
  4 bat simulacra (Ossuary)
  3 frilled lizards
  9 gnoll zombies (Ossuary)
  2 goblin simulacra (Ossuary)
  A goblin zombie (Ossuary)
  8 kobolds
  3 kobold simulacra (Ossuary)
  3 kobold zombies (Ossuary)
  2 orc zombies (Ossuary)
  4 rats
  A rat simulacrum (Ossuary)
  3 spectral goblins (Ossuary)
  2 spectral kobolds (Ossuary)
  5 spectral rats (Ossuary)
132 creatures vanquished.

Vanquished Creatures (collateral kills)
  A water moccasin (D:7)
  A centaur (D:6)
  2 necrophages
  A wight (D:7)
  2 orc priests
  A hound (D:5)
  A jelly (D:6)
  An iguana (D:5)
  An orc wizard (D:4)
  2 adders (D:5)
  A worm (D:4)
  7 orcs
  2 ball pythons
  4 endoplasms
  A goblin (D:4)
  A hobgoblin (D:4)
  3 bats (D:5)
  2 bat simulacra (Ossuary)
  2 frilled lizards
  3 gnoll zombies (Ossuary)
  2 goblin simulacra (Ossuary)
  2 goblin zombies (Ossuary)
  2 hobgoblin zombies (Ossuary)
  2 kobolds
  5 kobold zombies (Ossuary)
  3 orc zombies (Ossuary)
  A rat (D:2)
  A rat simulacrum (Ossuary)
  A spectral kobold (Ossuary)
58 creatures vanquished.

Vanquished Creatures (others)
  2 battlemagi
  An orc (D:4)
  A kobold (D:7)
  A plant (D:3)
5 creatures vanquished.

Grand Total: 195 creatures vanquished

Notes
Turn   | Place    | Note
-------+----------+-------------------------------------------
     0 | D:1      | apoch the Minotaur Fighter began the quest for the Orb.
     0 | D:1      | Reached XP level 1. HP: 19/19 MP: 0/0
   123 | D:1      | Reached skill level 3 in Axes
   144 | D:1      | Reached XP level 2. HP: 26/26 MP: 1/1
   402 | D:1      | Reached skill level 4 in Axes
   653 | D:1      | Reached XP level 3. HP: 31/31 MP: 2/2
  1156 | D:2      | Reached skill level 5 in Axes
  1382 | D:2      | Noticed Sigmund
  1389 | D:2      | Killed Sigmund
  1390 | D:2      | Reached skill level 7 in Axes
  1390 | D:2      | Reached XP level 4. HP: 27/39 MP: 3/3
  1390 | D:2      | Reached XP level 5. HP: 31/45 MP: 4/4
  1579 | D:2      | Found a faded altar of an unknown god.
  1637 | D:2      | Prayed at the altar of an unknown god.
  1637 | D:2      | Became a worshipper of Hepliaklqana the Forgotten
  1637 | D:2      | Reached * piety under Hepliaklqana
  2090 | D:2      | Reached XP level 6. HP: 45/45 MP: 5/5
  2150 | D:3      | Found a transporter.
  2309 | D:3      | Found a transporter.
  2329 | D:3      | Identified the +5 flail of Fimbulwinter {pain, Dex+4}
  2344 | D:3      | Noticed Jessica
  2355 | D:3      | Killed Jessica
  2452 | D:3      | Reached ** piety under Hepliaklqana
  2453 | D:3      | Remembered your ancestor Ælfric as a battlemage
  2634 | D:3      | Reached skill level 8 in Axes
  2782 | D:3      | Found a runed translucent door.
  2783 | D:3      | Noticed Crazy Yiuf
  3058 | D:3      | Killed Crazy Yiuf
  3761 | D:4      | Reached skill level 9 in Axes
  3777 | D:4      | Reached XP level 7. HP: 51/51 MP: 6/6
  3824 | D:4      | Found a glowing silver altar of Zin.
  3824 | D:4      | Found a white marble altar of Elyvilon.
  3824 | D:4      | Found a glowing golden altar of the Shining One.
  4648 | D:5      | Entered Level 5 of the Dungeon
  4825 | D:5      | Found Umiplan's Elemental Accessories.
  4842 | D:5      | Reached skill level 10 in Axes
  4861 | D:5      | Reached skill level 5 in Fighting
  5000 | D:5      | Found a sand-covered staircase.
  5012 | Ossuary  | Entered an ossuary
  5519 | D:5      | Reached XP level 8. HP: 35/63 MP: 7/7
  5974 | D:5      | Reached *** piety under Hepliaklqana
  6173 | D:5      | Reached skill level 1 in Invocations
  7103 | D:7      | Noticed Joseph
  7107 | D:7      | Killed from afar by a steam dragon

Illustrated notes

Levels and vault maps discovered:
D:1:      minmay_arrival_jagged, layout_basic
D:2:      layout_basic, hellmonk_ecumenical_altar_crossroads,
          grunt_ministairs_10, glass_columns_c, uniq_sigmund
D:3:      gammafunk_wand_slinger, layout_loops_corners, uniq_jessica,
          uniq_crazy_yiuf_cottage
D:4:      layout_rooms, dreamdust_divine_triumvirate, lemuel_flame_loot_1
D:5:      layout_loops_corners, nicolae_ossuary_entry_monument,
          nicolae_elemental_shop, roderic_batcave, minmay_misc_feat_x
D:6:      layout_cave_pools
D:7:      layout_cave_pools, nicolae_qazlal_general_emergency,
          nzn_overflow_gifts_of_might_and_magic,
          minmay_temple_entry_enclosed_plants, lightli_bailey_entry_fortress,
          serial_shops, shop_statue, uniq_joseph

Skill      XL: |  1  2  3  4  5  6  7  8 |
---------------+-------------------------+-----
Axes           | 3 4 7 9 10 | 10.0
Fighting       | 6 8 |  8.8
Invocations    | 4 |  4.6
Armour         | |  3.6
Shields        | |  3.6

Action                   |  1- 3 |  4- 6 |  7- 9 || total
-------------------------+-------+-------+-------++-------
Melee: War axe           |   110 |    29 |       ||   139
       Headbutt          |    11 |    12 |    23 ||    46
       Flail             |       |    25 |    99 ||   124
Throw: Stone             |     9 |    31 |    22 ||    62
Invok: Ancestor Life: Ba |       |     1 |       ||     1
  Use: Potion            |     1 |       |       ||     1
       Scroll            |       |     8 |     5 ||    13
Armor: Ring mail         |    54 |    17 |    40 ||   111
Dodge: Dodged            |    45 |    12 |    23 ||    80
Block: Buckler           |    18 |       |       ||    18
       Kite shield       |    10 |    23 |    37 ||    70
